 Dungeon Crawl Stone Soup version 0.29.0-11-gd7f09526c8 (webtiles) character file.

Game seed: 8682886244036633467

32 ragingrage the Magician (level 3, -1/20 HPs)
             Began as a Kobold Hedge Wizard on Sept 7, 2022.
             Slain by a goblin
             ... wielding a +2 dagger of electrocution
             ... led by Robin
              (16 damage)
             ... on level 2 of the Dungeon.
             The game lasted 00:01:58 (2066 turns).

ragingrage the Magician (Kobold Hedge Wizard)       Turns: 2066, Time: 00:01:58

Health: -1/20      AC:  2    Str:  7    XL:     3   Next: 42%
Magic:  4/8        EV: 14    Int: 17    God:
Gold:   76         SH:  0    Dex: 14    Spells: 3/9 levels left

rFire   . . .      SeeInvis .   b - staff of conjuration
rCold   . . .      Faith    .   (shield currently unavailable)
rNeg    . . .      Spirit   .   k - +0 robe
rPois   .          Reflect  .   c - +0 hat
rElec   .          Harm     .   (no cloak)
rCorr   .          Rampage  .   (no gloves)
Will    .....                   (no boots)
Stlth   +++.......              (no amulet)
HPRegen 0.06/turn               (no ring)
MPRegen 0.11/turn               (no ring)

@: very slightly contaminated
A: small, no large weapons, nightstalker 3
a: no special abilities


You were on level 2 of the Dungeon.
You visited 1 branch of the dungeon, and saw 2 of its levels.

You collected 76 gold pieces.

Inventory:

Hand Weapons
 a - a +0 dagger
Armour
 c - a +0 hat (worn)
 k - a +0 robe (worn)
Magical Staves
 b - a staff of conjuration (weapon)
Jewellery
 e - a ring of ice
Scrolls
 f - a scroll of enchant weapon {unknown}
 g - 3 scrolls of identify {unknown}
 h - 2 scrolls of acquirement {unknown}
 l - a scroll of amnesia {unknown}
Potions
 d - a potion of magic
 i - 2 potions of degeneration {unknown}
 j - a potion of might {unknown}


   Skills:
 + Level 1.3 Fighting
 - Level 2.4 Dodging
 - Level 2.6 Stealth
 + Level 3.6 Spellcasting
 + Level 1.7 Conjurations
 + Level 1.6 Summonings
 - Level 1.0 Translocations


You had 3 spell levels left.
You knew the following spells:

 Your Spells              Type           Power      Damage    Failure   Level
a - Magic Dart            Conj           52%        1d5       9%          1
b - Call Imp              Summ           8%         N/A       13%         2
c - Mephitic Cloud        Conj/Pois/Air  7%         N/A       36%         3

Your spell library contained the following spells:

 Spells                   Type           Power      Damage    Failure   Level
 Slow                     Hex            12%        N/A       17%         1
 Blink                    Tloc           12%        N/A       17%         2
 Sublimation of Blood     Necr           3%         N/A       26%         2
 Wereblood                Tmut           3%         N/A       26%         2
 Conjure Flame            Conj/Fire      9%         6-21      34%         3
 Summon Hydra             Summ           4%         N/A       100%        7


Dungeon Overview and Level Annotations

Branches:
Dungeon (2/15)

Altars:
Uskayaw

Annotations:
D:2 Robin


Innate Abilities, Weirdness & Mutations

You are small and have problems with some larger weapons.
You are completely attuned to the shadows.


Message History

You feel a surge of power!
The magic dart hits the goblin.
The goblin is severely wounded.
You hear a shout!
You feel a surge of power!
The magic dart hits the goblin.
You kill the goblin!
You can't see any susceptible monsters within range! (Use Z to cast anyway.)
You can't see any susceptible monsters within range! (Use Z to cast anyway.)
You start resting.
Magic restored.
Robin of the Strong Arm comes into view.
They are wielding a +0 dagger.
You feel a surge of power!
You miscast Magic Dart.
You are very lightly contaminated with residual magic.
Nothing appears to happen.
Robin shouts!
You hear a shout! x4
A goblin comes into view.
It is wielding a +2 dagger of electrocution.
Casting: Magic Dart (safe; 9% risk of failure)
Confirm with . or Enter, or press ? or * to list all spells.
A beastly little devil appears in a puff of flame.
Robin flexes a bicep menacingly.
Robin roars a battlecry!
You hear a shout!
You swap places.
Robin hits your crimson imp with a +0 dagger.
Your crimson imp completely misses Robin.
Robin closely misses your crimson imp.
Your crimson imp barely misses Robin.
Robin throws the goblin at you! The goblin misses you.
Your crimson imp barely misses Robin.
Something closely misses your crimson imp.
The goblin closely misses you.
Casting: Call Imp (safe; 13% risk of failure)
Confirm with . or Enter, or press ? or * to list all spells.
Aiming: Magic Dart (safe; 9% risk of failure)
Press: ? - help, Shift-Dir - straight line, f - goblin
Aim: a goblin, wielding a +2 dagger of electrocution (strong, 100% to hit)
You feel a surge of power!
The magic dart hits the goblin.
The goblin is moderately wounded.
The goblin hits you with a +2 dagger of electrocution.
You are electrocuted!
Ouch! That really hurt!
You die...

............#
......###...#
._....#####.#
g...).......##.#
.....).....##.#
#.#........##.#
#g######...##.##
#..g.......##..##
####5.g@........#
#............+
####.........#
+...........
#........##.
#........#
#........#
#........#
#........#
####+##


You could see Robin, a goblin (strong, ally target) and a friendly crimson imp
(summoned).

Vanquished Creatures
  2 dart slugs
  7 endoplasms
  3 goblins
  3 hobgoblins
  A quokka (D:1)
  3 bats (D:1)
  3 frilled lizards
  A kobold (D:2)
  2 rats (D:1)
25 creatures vanquished.

Vanquished Creatures (collateral kills)
  A quokka (D:2)
1 creature vanquished.

Grand Total: 26 creatures vanquished

Notes
Turn   | Place    | Note
-------+----------+-------------------------------------------
     0 | D:1      | ragingrage the Kobold Hedge Wizard began the quest for the
                  | Orb.
     0 | D:1      | Reached XP level 1. HP: 10/10 MP: 4/4
   490 | D:1      | Reached XP level 2. HP: 16/16 MP: 4/6
   867 | D:1      | Reached skill level 1 in Fighting
  1471 | D:2      | Reached XP level 3. HP: 20/20 MP: 4/8
  1707 | D:2      | Learned a level 2 spell: Call Imp
  1711 | D:2      | Learned a level 3 spell: Mephitic Cloud
  2009 | D:2      | Found a hide-covered altar of Uskayaw.
  2058 | D:2      | Noticed Robin
  2066 | D:2      | Slain by a goblin

Illustrated notes

Levels and vault maps discovered:
D:1:      saegor_arrival_simple_e, layout_rooms
D:2:      layout_basic, basic_altar, uniq_robin

Skill      XL: |  1  2 |
---------------+-------+-----
Fighting       | 1 |  1.3
Dodging        | |  2.4
Stealth        | |  2.6
Spellcasting   | |  3.6
Conjurations   | |  1.7
Summonings     | |  1.6
Translocations | |  1.0

Action                   || total
-------------------------++-------
Melee: Dagger            ||    12
       Staff             ||     1
 Cast: Magic Dart        ||    63
       Call Imp          ||     3
Armor: Robe              ||     5
Dodge: Dodged            ||    18
